 Dungeon Crawl Stone Soup version 0.31-a0-845-g9abc20d24f (webtiles) character file.

Game seed: 3826761262485532956

732 Shayle the Trooper (level 7, -4/55 HPs)
             Began as a Demonspawn Reaver on Oct 1, 2023.
             Splashed by a jelly's acid (9 damage)
             ... on level 5 of the Dungeon.
             The game lasted 00:08:48 (4361 turns).

Shayle the Trooper (Demonspawn Reaver)              Turns: 4361, Time: 00:08:48

Health: -4/55      AC: -4    Str: 13    XL:     7   Next: 45%
Magic:  13/13      EV: 10    Int: 16    God:
Gold:   288        SH:  0    Dex: 11    Spells: 13/14 levels left

rFire   . . .        a - +0 spear
rCold   . . .        (no shield)
rNeg    . . .        e - +0 ring mail
rPois   +            (helmet restricted)
rElec   .            (no cloak)
rCorr   .            (no gloves)
SInv    .            (no boots)
Will    .....        (no amulet)
Stlth   +            f - +4 ring of slaying
HPRegen 0.29/turn    h - ring of poison resistance
MPRegen 0.13/turn

%: no passive effects
@: corroded
A: antennae 2, sharp scales 2
a: no special abilities


You were on level 5 of the Dungeon.
You visited 1 branch of the dungeon, and saw 5 of its levels.

You collected 288 gold pieces.

Inventory:

Hand Weapons
 a - a +0 spear (weapon)
 m - a +0 war axe
Armour
 b - a +0 leather armour
 e - a +0 ring mail (worn)
Jewellery
 f - a +4 ring of slaying (left hand)
 h - a ring of poison resistance (right hand)
Talismans
 l - a talisman of death
Scrolls
 c - 3 scrolls of teleportation
 k - a scroll of immolation
 p - a scroll of torment {unknown}
Potions
 d - 2 potions of curing
 g - 3 potions of resistance
 i - a potion of brilliance {unknown}
 j - a potion of cancellation
 n - a potion of magic {unknown}
 o - a potion of degeneration {unknown}


   Skills:
 + Level 4.5 Fighting
 - Level 2.6 Polearms
 + Level 3.5 Armour
 - Level 1.7 Dodging
 + Level 4.1 Spellcasting
 - Level 3.0 Conjurations
 + Level 4.2 Necromancy


You had 13 spell levels left.
You knew the following spells:

 Your Spells              Type           Power      Damage    Failure   Level
a - Kiss of Death         Conj/Necr      56%        2d9       8%          1

Your spell library contained the following spells:

 Spells                   Type           Power      Damage    Failure   Level
 Shock                    Conj/Air       32%        1d5       19%         1
 Cigotuvi's Dreadful Rot  Necr/Pois/Air  14%        N/A       28%         2
 Momentum Strike          Conj/Tloc      16%        3d8       28%         2
 Dazzling Flash           Conj/Hex       16%        N/A       50%         3
 Hailstorm                Conj/Ice       8%         3d4       50%         3
 Ignite Poison            Fire/Tmut/Pois 3%         N/A       71%         3
 Swiftness                Air            3%         N/A       71%         3
 Agony                    Necr           16%        N/A       86%         5
 Airstrike                Air            1%         2d(1-17)  98%         4
 Freezing Cloud           Conj/Ice/Air   3%         6-21      99%         5
 Silence                  Hex/Air        1%         N/A       100%        5


Dungeon Overview and Level Annotations

Branches:
Dungeon (5/15)
 Temple: D:4-7

Altars:
Kikubaaqudgha

Shops:
D:2 :   D:5 *


Innate Abilities, Weirdness & Mutations

You have a pair of antennae on your head.
You are mostly covered in razor-sharp scales. (AC +2, Slay +2)


Message History

You see here a black bear corpse.
You now have 288 gold pieces (gained 6).
Magic restored.
HP restored.
Found a stone staircase leading up.
p - a scroll labelled ADISHR MEKAELARR
Okay, then.
Found Bosupu's Fire Supplies.
Found an encrusted brass ring.
A jelly comes into view.
There is an entrance to Bosupu's Fire Supplies here.
Okay, then.
The jelly quivers.
Reach: a) +0 spear
Press: ? - help, Dir - move target, f - jelly
Aim: a jelly (about 9% to evade your +0 spear)
You reach to attack!
You hit the jelly.
The jelly is moderately wounded.
You hit the jelly. The acid corrodes you!
Your hands burn!
The jelly is heavily wounded.
The jelly jiggles.
The jelly hits you.
You are splashed with acid!
You hit the jelly but do no damage. The acid corrodes you!
Your hands burn!
The jelly is heavily wounded.
The jelly hits you.
You are splashed with acid!
You hit the jelly.
Your hands burn!
The jelly is severely wounded.
The jelly hits you.
You are splashed with acid!
You hit the jelly. The acid corrodes you!
Your hands burn!
* * * LOW HITPOINT WARNING * * *
The jelly is severely wounded.
The jelly hits you.
* * * LOW HITPOINT WARNING * * *
You are splashed with acid!
* * * LOW HITPOINT WARNING * * *
Okay, then.
You feel better. The jelly hits you.
* * * LOW HITPOINT WARNING * * *
You are splashed with acid!
You die...

######........
#♣§♣ #........
♣§§♣♣#....##..
#♣§...#.....# .
####..⌠..#.....##
#.................
#..............###
..#..⌠..#.....#
#♣.J@♣#....##
♣♣∩♣♣#...## ♣♣♣
#.### #.# .#


You could see a jelly.

Vanquished Creatures
  Sigmund (D:2)
  Eustachio (D:3)
  A black bear (D:5)
  A scorpion (D:4)
  A bullfrog (D:3)
  An iguana (D:4)
  5 adders
  5 gnolls
  A dart slug (D:2)
  2 worms
  7 orcs
  6 endoplasms
  2 giant cockroaches (D:3)
  8 goblins
  5 hobgoblins
  15 jackals
  5 kobolds
  2 quokkas
  11 ball pythons
  6 bats
  13 frilled lizards
  2 rats
101 creatures vanquished.

Notes
Turn   | Place    | Note
-------+----------+-------------------------------------------
     0 | D:1      | Shayle the Demonspawn Reaver began the quest for the Orb.
     0 | D:1      | Reached XP level 1. HP: 16/16 MP: 3/3
    74 | D:1      | Gained mutation: You are partially covered in razor-sharp
                  | scales. (AC +1, Slay +1) [demonic ancestry]
    74 | D:1      | Reached XP level 2. HP: 1/20 MP: 0/5
   375 | D:1      | Reached skill level 1 in Necromancy
   676 | D:1      | Reached skill level 1 in Armour
   699 | D:1      | Reached XP level 3. HP: 22/28 MP: 6/6
   824 | D:1      | Found a faded altar of an unknown god.
  1462 | D:2      | Gained mutation: You have a pair of small antennae on your
                  | head. [demonic ancestry]
  1462 | D:2      | Reached XP level 4. HP: 28/32 MP: 7/7
  1591 | D:2      | Found Sudabb's Book Shoppe.
  1895 | D:2      | Noticed Sigmund
  1904 | D:2      | Killed Sigmund
  1905 | D:2      | Gained mutation: You have a pair of antennae on your head.
                  | [demonic ancestry]
  1905 | D:2      | Reached XP level 5. HP: 35/41 MP: 7/9
  2256 | D:3      | Found an ancient bone altar of Kikubaaqudgha.
  2348 | D:3      | Reached XP level 6. HP: 46/47 MP: 10/10
  3749 | D:4      | Noticed Eustachio
  3826 | D:3      | Killed Eustachio
  3827 | D:3      | Gained mutation: You are mostly covered in razor-sharp
                  | scales. (AC +2, Slay +2) [demonic ancestry]
  3827 | D:3      | Reached XP level 7. HP: 40/55 MP: 12/12
  4280 | D:5      | Entered Level 5 of the Dungeon
  4347 | D:5      | Found Bosupu's Fire Supplies.
  4360 | D:5      | HP: 2/55 [acid (9)]
  4361 | D:5      | Splashed by a jelly's acid

Illustrated notes

Levels and vault maps discovered:
D:1:      dpeg_arrival_rhombi, layout_basic, basic_ecumenical_altar,
          serial_glass, glass_columns_a, glass_columns_a
D:2:      layout_basic, serial_shops, nicolae_diamond_shop, minmay_lizard_king,
          uniq_sigmund
D:3:      layout_basic, nicolae_elyvilon_peaceful_grove,
          kiku_gazebo_pond_becter, mainiacjoe_overflow_brackets
D:4:      layout_gridville, kennysheep_generic_room_15, uniq_eustachio
D:5:      layout_rooms, mainiacjoe_overflow_six_doors_small,
          nicolae_shop_fire_sale [nicolae_sub_dead_trees], nicolae_wormholes

Skill      XL: |  1  2  3  4  5  6  7 |
---------------+----------------------+-----
Necromancy     | 1 2 3 4 |  4.2
Armour         | 1 2 3 |  3.5
Fighting       | 3 4 |  4.5
Spellcasting   | 3 4 |  4.1
Polearms       | |  2.6
Dodging        | |  1.7
Conjurations   | |  3.0

Action                     |  1- 3 |  4- 6 |  7- 9 || total
---------------------------+-------+-------+-------++-------
  Melee: Spear             |    93 |   179 |    37 ||   309
         Punch             |     1 |     1 |       ||     2
   Cast: Kiss of Death     |     3 |     2 |       ||     5
    Use: Scroll            |     2 |     3 |     2 ||     7
         Potion            |       |       |     1 ||     1
   Stab: Sleeping          |     1 |       |       ||     1
 Armour: Leather armour    |    43 |       |       ||    43
         Ring mail         |    21 |   122 |    22 ||   165
  Dodge: Dodged            |    46 |    84 |    19 ||   149

Table legend: (Time is in decaauts)
 A = Elapsed time spent in this place.
 B = Non-inter-level travel time spent in this place.
 C = Inter-level travel time spent in this place.
 D = Time resting spent in this place.
 E = Time spent auto-exploring this place.
 F = Levels seen in this place.
 G = Mean time per level.
                   A        B        C        D        E       F      G
               +--------+--------+--------+--------+--------+-----+--------+
         Total |   4358 |   4235 |    123 |    519 |   2674 |   5 |  871.6 |
       Dungeon |   4358 |   4235 |    123 |    519 |   2674 |   5 |  871.6 |
               +--------+--------+--------+--------+--------+-----+--------+

Top non-repeatable levels by time:
     D:2: 1203 daAuts
     D:1: 1188 daAuts
     D:3: 949 daAuts
     D:4: 937 daAuts
     D:5: 80 daAuts
